 Dungeon Crawl Stone Soup version 0.30.1-11-g7821555f0a (webtiles) character file.

Game seed: 16907982619375543442

18 Curundu the Trooper (level 2, -1/27 HPs)
             Began as a Minotaur Berserker on Jan 1, 2024.
             Was a Follower of Trog.
             Slain by a gnoll
             ... wielding a +0 flail
              (9 damage)
             ... on level 1 of the Dungeon.
             The game lasted 00:01:30 (221 turns).

Curundu the Trooper (Minotaur Berserker)             Turns: 221, Time: 00:01:31

Health: -1/27      AC:  2    Str: 21    XL:     2   Next: 51%
Magic:  1/1        EV: 12    Int:  4    God:    Trog [*.....]
Gold:   13         SH:  0    Dex:  9    Spells: 1/1 levels left

rFire   . . .        a - +0 falchion
rCold   . . .        (no shield)
rNeg    . . .        b - +0 animal skin
rPois   .            (helmet restricted)
rElec   .            (no cloak)
rCorr   .            (no gloves)
SInv    .            (no boots)
Will    .....        c - amulet of regeneration
Stlth   +            (no ring)
HPRegen 1.04/turn    (no ring)
MPRegen 0.07/turn

%: no passive effects
@: no status effects
A: horns 2, retaliatory headbutt
a: Renounce Religion, Berserk


You were on level 1 of the Dungeon.
You worshipped Trog.
Trog was aware of your devotion.
You visited 1 branch of the dungeon, and saw 1 of its levels.

You collected 13 gold pieces.

Inventory:

Hand Weapons
 a - a +0 falchion (weapon)
Armour
 b - a +0 animal skin (worn)
Jewellery
 c - an amulet of regeneration (around neck)
Scrolls
 d - 2 scrolls of fog
 e - a scroll of magic mapping {unknown}
 g - a scroll of immolation {unknown}
 j - a scroll of identify {unknown}
Potions
 f - a potion of curing {unknown}
 h - a potion of berserk rage {unknown}
 i - a potion of magic {unknown}


   Skills:
 + Level 4.1 Fighting
 + Level 4.0 Long Blades
 + Level 2.6 Armour
 + Level 2.4 Dodging


You had one spell level left.
You didn't know any spells.
Your spell library was empty.

Dungeon Overview and Level Annotations

Branches:
Dungeon (1/15)

Altars:


Innate Abilities, Weirdness & Mutations

You have a pair of horns on your head.
You reflexively headbutt those who attack you in melee.


Message History

You kill the jackal!
Trog accepts your kill. The jackal closely misses you.
The jackal barely misses you.
You hit the hobgoblin.
The hobgoblin is heavily wounded.
The jackal bites you but does no damage.
The hobgoblin hits you.
You barely miss the hobgoblin.
The hobgoblin is heavily wounded.
The jackal bites you but does no damage.
The jackal bites you. The hobgoblin closely misses you.
You furiously retaliate!
You headbutt the hobgoblin.
You kill the hobgoblin!
Trog accepts your kill.
You barely miss the gnoll. The jackal bites you.
The gnoll hits you with a +0 flail! The jackal closely misses you.
You barely miss the gnoll. The gnoll closely misses you.
You furiously retaliate!
You headbutt the gnoll.
The jackal bites you but does no damage.
You hit the gnoll but do no damage. Your headbutt misses the gnoll.
The gnoll is heavily wounded.
The jackal barely misses you. You furiously retaliate!
You headbutt the jackal. The gnoll barely misses you. The jackal bites you.
You hit the gnoll but do no damage.
The gnoll is heavily wounded.
The gnoll hits you with a +0 flail. The jackal closely misses you.
You barely miss the gnoll. Your headbutt misses the gnoll.
The gnoll is heavily wounded.
The jackal bites you but does no damage.
The gnoll barely misses you. The jackal bites you.
* * * LOW HITPOINT WARNING * * *
The gnoll hits you with a +0 flail.
* * * LOW HITPOINT WARNING * * *
You barely miss the gnoll.
The gnoll is moderately wounded.
The jackal closely misses you. The gnoll barely misses you.
You barely miss the gnoll.
The gnoll is moderately wounded.
The jackal closely misses you. The gnoll hits you with a +0 flail!
You die...

##.##.#..................#
#.##.#..................#
#.##.#..................#
##.##.#..................#
#..##.#####.......†...†..#
##.....### #..............#
##...##...###..............# #
###...#####..##..............#
####.....#
##.@#..............#
........## ##hg..............#
.......## ##....>.......####
.....### ###........### 8#####
###.###### ## #.... #......
#........ ..g.^....


You could see a gnoll and a jackal.

Vanquished Creatures
  2 dart slugs (D:1)
  3 endoplasms (D:1)
  2 hobgoblins (D:1)
  2 jackals (D:1)
  A bat (D:1)
  2 frilled lizards (D:1)
  2 rats (D:1)
14 creatures vanquished.

Notes
Turn   | Place    | Note
-------+----------+-------------------------------------------
     0 | D:1      | Curundu the Minotaur Berserker began the quest for the Orb.
     0 | D:1      | Reached XP level 1. HP: 19/19 MP: 0/0
   109 | D:1      | Reached XP level 2. HP: 23/27 MP: 1/1
   221 | D:1      | Slain by a gnoll

Illustrated notes

Levels and vault maps discovered:
D:1:      heliophobic_arrival_dark_side_of_the_moon, layout_basic,
          grunt_decor_one_mirror, minmay_pentomino_t4

Skill      XL: |  1  2 |
---------------+-------+-----
Fighting       | 4 |  4.1
Long Blades    | 4 |  4.0
Armour         | |  2.6
Dodging        | |  2.4

Action                     || total
---------------------------++-------
  Melee: Falchion          ||    42
         Headbutt          ||     6
         Punch             ||     1
    Use: Scroll            ||     1
 Armour: Animal skin       ||    10
  Dodge: Dodged            ||    33
